AoeStats
← bebebababon

Arabia

509308349Analyzed
3v3 RM · 7d ago on Sep 26, 2026· 38m 16s· 6 players
Game mode
Random Map
Map size
Normal (6 player)
Population
200
Speed
Normal
Resources
Standard
Victory
Conquest
Starting age
Dark Age
Ending age
Imperial Age
RankedLock teamsTeams togetherTeam positionsShared explorationLock speedFull tech treeHidden civsTurbo modeCheats
Victory
Defeat
🇹🇼 Malay · Taiwan
1125
+13
🇹🇼 Persians · Taiwan
1098
+14
🇬🇧 Vikings · United Kingdom
1086
+14
🇷🇺 Ethiopians · Russia
1133
-17
🇹🇼 Poles · Taiwan
1052
-14
🇹🇼 Britons · Taiwan
958
-10
devolvedreint
5:38 Loom
11:01 Feudal Age
17:07 Double-Bit Axe
17:04 Horse Collar
22:17 Castle Age
23:36 Bow Saw
25:40 Heavy Plow
26:32 Forging
26:22 Scale Mail Armor
27:06 Arson
27:22 Squires
31:39 Iron Casting
31:19 Chain Mail Armor
35:22 Man-at-Arms
38:53 Imperial Age
36:10 Town Watch
37:12 Town Patrol
36:42 Long Swordsman
yang
11:03 Feudal Age
15:58 Castle Age
17:44 Double-Bit Axe
19:04 Bow Saw
22:44 Bloodlines
31:50 Imperial Age
29:33 Forging
29:32 Scale Barding Armor
29:59 Husbandry
30:01 Gold Mining
32:10 Iron Casting
31:48 Cavalier
34:05 Wheelbarrow
34:47 Two-Man Saw
35:01 Savar
38:16 Blast Furnace
37:38 Chain Barding Armor
軍 團 兵 2 號
11:39 Feudal Age
11:22 Double-Bit Axe
11:47 Loom
12:51 Horse Collar
20:40 Castle Age
20:59 Wheelbarrow
22:19 Gold Mining
27:43 Heavy Plow
31:33 Gold Shaft Mining
31:48 Scale Barding Armor
31:53 Forging
d55663
6:29 Loom
9:25 Feudal Age
10:08 Double-Bit Axe
14:37 Horse Collar
19:26 Castle Age
18:23 Forging
19:38 Bloodlines
19:34 Light Cavalry
20:34 Bow Saw
21:23 Heavy Plow
21:56 Forging
21:54 Scale Barding Armor
22:55 Husbandry
34:17 Imperial Age
34:14 Pikeman
我不知道
10:28 Feudal Age
11:36 Double-Bit Axe
17:36 Castle Age
15:46 Horse Collar
24:25 Imperial Age
23:38 Husbandry
25:53 Heavy Plow
25:42 Heavy Camel Rider
28:11 Wheelbarrow
29:35 Hand Cart
29:51 Loom
29:52 Town Watch
30:47 Bow Saw
30:59 Forging
30:54 Scale Barding Armor
32:14 Conscription
31:57 Royal Heirs
33:31 Iron Casting
33:18 Chain Barding Armor
35:46 Blast Furnace
36:04 Scale Mail Armor
36:24 Gold Mining
37:47 Two-Man Saw
bebebababon
7:09 Loom
9:54 Feudal Age
11:41 Double-Bit Axe
20:44 Castle Age
21:13 Elite Skirmisher
21:45 Pikeman
28:05 Forging
27:45 Fletching
28:30 Crossbowman
30:55 Fletching
32:20 Bow Saw
37:07 Imperial Age
34:45 Horse Collar
36:39 Gold Mining
36:39 Stone Mining
Connection lost

Rejoining the realm…

Still unreachable

The connection could not be restored.

Session expired

The server has moved on; the page needs a fresh start.